AoeStats
← bela29318

Black Forest

509856334Analyzed
3v3 RM · 2d ago on Sep 28, 2026· 104m 12s· 6 players
Game mode
Random Map
Map size
Normal (6 player)
Population
200
Speed
Normal
Resources
Standard
Victory
Conquest
Starting age
Dark Age
Ending age
Imperial Age
RankedLock teamsTeams togetherTeam positionsShared explorationLock speedFull tech treeHidden civsTurbo modeCheats
Victory
Defeat
🇩🇰 Celts · Denmark
758
+11
🇮🇹 Koreans · Italy
726
+12
🇫🇷 Franks · France
660
+14
🇮🇳 Teutons · India
697
-15
🇦🇺 Koreans · Australia
660
-13
🇩🇪 Khmer · Germany
551
-9
HALOF
13:48 Feudal Age
15:21 Double-Bit Axe
19:07 Gold Mining
21:21 Castle Age
19:49 Forging
24:03 Gold Shaft Mining
24:41 Wheelbarrow
24:22 Stone Mining
27:55 Pikeman
31:04 Iron Casting
32:18 Bow Saw
34:44 Imperial Age
33:32 Hand Cart
33:10 Loom
35:03 Cavalier
36:56 Chivalry
36:40 Halberdier
51:31 Blast Furnace
81:43 Paladin
96:17 Onager
marioenolab
0:57 Loom
13:53 Feudal Age
15:09 Wheelbarrow
14:20 Town Watch
14:24 Double-Bit Axe
14:22 Horse Collar
14:56 Gold Mining
17:07 Stone Mining
21:15 Castle Age
20:09 Scale Mail Armor
20:19 Forging
21:07 Scale Barding Armor
22:17 Hand Cart
22:23 Bow Saw
24:47 Heavy Plow
25:37 Gold Shaft Mining
25:12 Fletching
27:48 Stone Shaft Mining
28:40 Caravan
30:06 Town Patrol
30:49 Coinage
31:29 Crossbowman
37:01 Imperial Age
35:19 Squires
35:50 Fortified Wall
35:22 Treadmill Crane
35:53 Masonry
36:43 Bodkin Arrow
36:55 Pikeman
38:38 Conscription
38:49 Chain Barding Armor
38:46 Chain Mail Armor
39:07 Iron Casting
39:06 Elite War Wagon
41:41 Plate Mail Armor
43:35 Guilds
43:56 Banking
45:39 Shinkichon
45:34 Elite Fire Lancer
47:16 Siege Engineers
47:30 Man-at-Arms
47:57 Arson
49:58 Eupseong
49:40 Heavy Cavalry Archer
50:28 Heated Shot
51:09 Architecture
50:53 Bracer
50:40 Heavy Rocket Cart
52:28 Chemistry
51:26 Murder Holes
51:33 Arrowslits
52:09 Ballistics
52:13 Long Swordsman
55:06 Two-Handed Swordsman
56:54 Champion
66:56 Two-Man Saw
75:26 Halberdier
LUSK
11:54 Feudal Age
12:40 Double-Bit Axe
19:37 Castle Age
18:43 Horse Collar
21:45 Bow Saw
21:38 Heavy Plow
24:41 Gold Mining
25:31 Wheelbarrow
28:19 Stone Mining
29:06 Gold Shaft Mining
28:37 Caravan
30:47 Stone Shaft Mining
34:08 Imperial Age
31:20 Pikeman
31:46 Arson
32:23 Hand Cart
34:47 Stronghold
35:38 Furor Celtica
34:52 Halberdier
35:37 Scale Mail Armor
35:49 Forging
37:03 Hoardings
36:47 Chain Mail Armor
36:09 Capped Ram
36:33 Elite Woad Raider
38:37 Ballistics
39:18 Chemistry
38:14 Murder Holes
38:30 Fortified Wall
38:06 Siege Ram
40:15 Onager
59:02 Masonry
58:58 Siege Engineers
66:23 Gambesons
67:17 Arrowslits
67:23 Guard Tower
67:24 Heated Shot
69:35 Heavy Scorpion
84:11 Keep
bela29318
11:57 Loom
13:45 Feudal Age
15:21 Double-Bit Axe
15:27 Horse Collar
18:21 Castle Age
18:40 Wheelbarrow
20:16 Bow Saw
20:25 Heavy Plow
22:00 Gold Mining
23:43 Stone Mining
26:59 Hand Cart
27:23 Forging
29:19 Scale Mail Armor
29:54 Iron Casting
33:30 Imperial Age
33:05 Chain Mail Armor
34:33 Conscription
35:45 Two-Man Saw
35:17 Crop Rotation
35:28 Stone Shaft Mining
34:24 Elite Teutonic Knight
36:42 Blast Furnace
36:12 Plate Mail Armor
36:12 Capped Ram
38:16 Ironclad
38:36 Hoardings
39:31 Atonement
39:44 Redemption
40:10 Illumination
40:03 Block Printing
40:26 Theocracy
40:12 Fervor
48:30 Crenellations
47:44 Sappers
71:52 Caravan
72:23 Coinage
72:04 Guilds
72:02 Caravan
72:12 Guilds
102:31 Chemistry
101:38 Siege Engineers
101:45 Masonry
101:27 Guard Tower
101:24 Arrowslits
101:51 Fortified Wall
yawentseng1102
12:37 Feudal Age
16:11 Double-Bit Axe
23:09 Castle Age
25:06 Horse Collar
25:29 Caravan
27:01 Bow Saw
28:31 Wheelbarrow
29:55 Heavy Plow
34:10 Imperial Age
33:30 Hand Cart
36:03 Chemistry
36:32 Two-Man Saw
36:46 Eupseong
37:16 Pikeman
37:32 Cavalier
37:56 Elite Skirmisher
39:03 Light Cavalry
40:32 Gold Mining
44:19 Halberdier
47:03 Elite War Wagon
76:10 Heavy Rocket Cart
Wapitidfmp
0:37 Loom
12:18 Feudal Age
13:32 Double-Bit Axe
15:20 Wheelbarrow
17:08 Horse Collar
17:16 Town Watch
18:34 Gold Mining
25:57 Castle Age
24:10 Fletching
24:29 Stone Mining
25:34 Scale Barding Armor
25:40 Forging
27:16 Hand Cart
27:14 Heavy Plow
28:08 Gold Shaft Mining
28:16 Caravan
28:36 Bodkin Arrow
29:17 Iron Casting
29:18 Husbandry
29:28 Bloodlines
30:15 Murder Holes
31:15 Fortified Wall
31:19 Town Patrol
33:16 Iron Casting
33:13 Bloodlines
40:29 Imperial Age
39:35 Ballistics
39:26 Masonry
42:26 Conscription
41:42 Heavy Scorpion
43:45 Crop Rotation
52:31 Double Crossbow
59:55 Elite Ballista Elephant
Connection lost

Rejoining the realm…

Still unreachable

The connection could not be restored.

Session expired

The server has moved on; the page needs a fresh start.